[Event "fics rated crazyhouse match"]
[Site "fics, Oklahoma City, OK USA"]
[Date "2000.01.17"]
[White "Tecumseh"]
[WhiteElo "2221"]
[Black "LSS"]
[BlackElo "2413"]
[TimeControl "180+0"]
[Result "0-1"]

1. e4 e6 2. d4 d5 3. e5 Ne7 4. Bg5 h6 5. Bh4 Qd7 6. Nc3 
Nf5 7. Nf3 Nc6 8. Be2 Ncxd4 9. Nxd4 Nxh4 10. Rg1 B@f4 11. N@f3 Ng6 
12. Bb5 c6 13. Nxc6 bxc6 14. Bxc6 Qxc6 15. Nd4 Qb7 16. P@c6 Qxb2 17. P@d7+ 
Bxd7 18. cxd7+ Kxd7 19. B@c6+ Kd8 20. Nxd5 P@d2+ 21. Kf1 B@c4+ 22. P@d3 Bxd5 
23. Rb1 Qxb1 
{Tecumseh resigns} 0-1

[Event "fics rated crazyhouse match"]
[Site "fics, Oklahoma City, OK USA"]
[Date "2000.01.17"]
[White "LSS"]
[WhiteElo "2417"]
[Black "Tecumseh"]
[BlackElo "2217"]
[TimeControl "180+0"]
[Result "1-0"]

1. e4 Nc6 2. d4 d5 3. e5 Bf5 4. Bb5 h6 5. Ne2 e6 6. Ng3 
Bh7 7. O-O Ne7 8. c3 Nf5 9. Nd2 Be7 10. Nf3 O-O 11. Bxc6 bxc6 
12. Nh5 B@g6 13. Nxg7 Nxg7 14. P@f6 Bxf6 15. exf6 Qxf6 16. B@e5 Qe7 17. Bxg7 
Kxg7 18. Bxh6+ Kxh6 19. N@g4+ Kg7 20. P@f6+ Qxf6 21. Nxf6 B@h6 22. Ng4 P@h3 
23. Nxh6 
{Tecumseh resigns} 1-0

[Event "fics rated crazyhouse match"]
[Site "fics, Oklahoma City, OK USA"]
[Date "2000.01.17"]
[White "Tecumseh"]
[WhiteElo "2213"]
[Black "LSS"]
[BlackElo "2421"]
[TimeControl "180+0"]
[Result "1-0"]

1. e4 e6 2. d4 d5 3. exd5 exd5 4. Nf3 Nf6 5. Ne5 Be7 6. Nc3 
O-O 7. P@h6 gxh6 8. Bxh6 P@g7 9. Bxg7 Kxg7 10. P@g5 Ne8 11. P@h6+ Kg8 
12. h4 P@f6 13. Bd3 fxe5 14. dxe5 B@h8 15. Nxd5 Bxe5 16. P@g7 Nxg7 17. hxg7 
Bxg7 18. P@f6 Bexf6 19. Nxf6+ Bxf6 20. Bxh7+ Kxh7 21. Qxd8 Rxd8 22. Q@h6+ Kg8 
23. N@e7+ Bxe7 24. P@h7+ Kh8 25. B@g7# 
{LSS checkmated} 1-0

[Event "fics rated crazyhouse match"]
[Site "fics, Oklahoma City, OK USA"]
[Date "2000.01.17"]
[White "LSS"]
[WhiteElo "2409"]
[Black "Tecumseh"]
[BlackElo "2225"]
[TimeControl "180+0"]
[Result "1-0"]

1. e4 Nc6 2. Nf3 Nf6 3. Nc3 e6 4. Bb5 Bb4 5. d3 d5 6. exd5 
exd5 7. O-O Bxc3 8. bxc3 P@h3 9. Re1+ Kf8 10. Bxc6 bxc6 11. P@h6 Rg8 
12. hxg7+ Rxg7 13. B@h6 hxg2 14. Bxg7+ Kxg7 15. Bh6+ Kxh6 16. P@g5+ Kg7 17. gxf6+ 
Kh8 18. R@e8+ B@f8 19. Rxf8+ Qxf8 20. B@g7+ Qxg7 21. fxg7+ Kxg7 22. N@h5+ Kh6 
23. Q@g5# 
{Tecumseh checkmated} 1-0

[Event "fics rated crazyhouse match"]
[Site "fics, Oklahoma City, OK USA"]
[Date "2000.01.17"]
[White "Tecumseh"]
[WhiteElo "2221"]
[Black "LSS"]
[BlackElo "2413"]
[TimeControl "180+0"]
[Result "1-0"]

1. e4 e6 2. d4 Nf6 3. e5 Ne4 4. Bd3 d5 5. exd6 Nxd6 6. Nc3 
Nc6 7. Nf3 Be7 8. O-O f5 9. Re1 O-O 10. d5 P@e4 11. Nxe4 fxe4 
12. Bxe4 Nxe4 13. Rxe4 exd5 14. Rxe7 Nxe7 15. P@h6 gxh6 16. Bxh6 B@g4 17. P@g7 
Bxf3 18. gxf8=Q+ Qxf8 19. R@h8+ Kxh8 20. P@g7+ Qxg7 21. Bxg7+ Kxg7 22. P@f6+ Kxf6 
23. Qxf3+ R@f5 24. B@d4+ P@e5 25. N@h5+ Ke6 26. Ng7+ Kd6 27. Q@c5+ Kd7 28. Qxf5+ 
Nxf5 29. B@e6+ Kd8 30. R@e8# 
{LSS checkmated} 1-0

[Event "fics rated crazyhouse match"]
[Site "fics, Oklahoma City, OK USA"]
[Date "2000.01.17"]
[White "LSS"]
[WhiteElo "2401"]
[Black "Tecumseh"]
[BlackElo "2233"]
[TimeControl "180+0"]
[Result "0-1"]

1. e4 Nc6 2. Bc4 e6 3. d4 d5 4. exd5 exd5 5. Bb5 Nf6 6. Nc3 
Bb4 7. Qe2+ P@e4 8. Bxc6+ bxc6 9. N@e5 B@g4 10. f3 exf3 11. Ngxf3 P@e4 
12. Nxc6 Bxc3+ 13. bxc3 Qd7 14. B@b5 O-O 15. P@h6 exf3 16. gxf3 Re8 17. P@e5 
Bxf3 18. Qxf3 Qg4 19. Qxf6 N@g2+ 20. Kf1 Ne3+ 21. Bxe3 P@g2+ 22. Ke1 gxh1=Q+ 
23. B@g1 Qhxg1+ 24. Bxg1 B@h4+ 25. N@g3 Bxf6 26. N@e7+ Bxe7 27. Nxe7+ Rxe7 28. B@e2 
N@g2+ 29. Kd1 Q@e1# 
{LSS checkmated} 0-1

[Event "fics rated crazyhouse match"]
[Site "fics, Oklahoma City, OK USA"]
[Date "2000.01.17"]
[White "pminear"]
[WhiteElo "2275"]
[Black "Leech"]
[BlackElo "2290"]
[TimeControl "180+0"]
[Result "0-1"]

1. e4 e6 2. Nc3 d5 3. exd5 exd5 4. Bb5+ Nc6 5. Qe2+ Be7 6. Nf3 
Nf6 7. Bxc6+ bxc6 8. Ne5 P@b7 9. P@g5 Ne4 10. Nxe4 dxe4 11. N@h5 Rg8 
12. Nxg7+ Rxg7 13. P@f6 Bxf6 14. gxf6 Qxf6 15. Qxe4 N@d6 16. P@d7+ Bxd7 17. Nxd7+ 
Nxe4 18. Nxf6+ Nxf6 19. Q@e2+ Q@e6 20. B@e3 N@f4 21. N@d4 Nxg2+ 22. Kd1 P@f3 
23. Qxf3 B@g4 24. B@e2 Bxf3 25. Bxf3 Nxe3+ 26. dxe3 P@e2+ 27. Bxe2 P@g2 28. Re1 
Rd8 29. P@d3 Rxd4 30. exd4 B@f1 31. B@f3 g1=Q 32. R@e5 Qxe5 33. dxe5 Bxe2+ 
34. Bxe2 Qxe1+ 35. Kxe1 N@g2+ 36. Kd2 Q@e1# 
{pminear checkmated} 0-1

[Event "fics rated crazyhouse match"]
[Site "fics, Oklahoma City, OK USA"]
[Date "2000.01.17"]
[White "Leech"]
[WhiteElo "2307"]
[Black "pminear"]
[BlackElo "2267"]
[TimeControl "180+0"]
[Result "0-1"]

1. e4 e5 2. Bc4 Nc6 3. Bxf7+ Kxf7 4. Nf3 B@d4 5. P@d5 Bfc5 6. Nxd4 
Nxd4 7. d3 Qf6 8. O-O d6 9. Nc3 Nxc2 10. Qxc2 P@f3 11. gxf3 N@d4 
12. B@h5+ g6 13. P@g5 Nxf3+ 14. Bxf3 Qxf3 15. Qd1 Qh3 16. N@h6+ Nxh6 17. gxh6 
B@f6 18. N@g5+ Bxg5 19. Bxg5 N@f3+ 20. Qxf3+ Qxf3 21. B@e6+ Bxe6 22. dxe6+ Kxe6 
23. N@g7+ Kd7 24. B@e6+ Kc6 25. Bd5+ Kb6 
{Leech forfeits on time} 0-1

[Event "fics rated crazyhouse match"]
[Site "fics, Oklahoma City, OK USA"]
[Date "2000.01.17"]
[White "pminear"]
[WhiteElo "2276"]
[Black "Leech"]
[BlackElo "2288"]
[TimeControl "180+0"]
[Result "1-0"]

1. e4 e6 2. Nc3 Nf6 3. e5 Nd5 4. Ne4 d6 5. d4 Nc6 6. Nf3 
f5 7. exf6 gxf6 8. Nh4 P@g6 9. Bb5 Bd7 10. P@h5 Nce7 11. Bxd7+ Qxd7 
12. O-O B@f5 13. Nxf5 exf5 14. Ng3 gxh5 15. Qxh5+ P@g6 16. Qd1 O-O-O 17. c4 
Nb6 18. d5 Nexd5 19. cxd5 Nxd5 20. Qxd5 P@c6 21. Qd1 P@b6 22. B@e2 N@c5 
23. N@b3 b5 24. Nxc5 dxc5 25. Qxd7+ Rxd7 26. B@e6 Q@d6 27. Q@e8+ N@d8 28. Bxd7+ 
Qxd7 29. R@a8+ B@b8 30. Rxb8+ Kxb8 31. Qxd7 Bd6 32. Q@c8# 
{Leech checkmated} 1-0

[Event "fics rated crazyhouse match"]
[Site "fics, Oklahoma City, OK USA"]
[Date "2000.01.17"]
[White "Leech"]
[WhiteElo "2271"]
[Black "pminear"]
[BlackElo "2284"]
[TimeControl "180+0"]
[Result "0-1"]

1. e4 e5 2. Bc4 Nc6 3. Bxf7+ Kxf7 4. Nf3 B@f6 5. Nc3 Bc5 6. O-O 
d6 7. d3 Bg4 8. h3 Bxf3 9. Qxf3 Nd4 10. B@b3+ Kf8 11. Qh5 Nxb3 
12. axb3 B@f7 13. Qg4 N@d4 14. Nd5 Bxd5 15. exd5 N@h6 16. N@e6+ Nxe6 17. Qxe6 
Bxf2+ 18. Rxf2 P@d7 19. P@e7+ Qxe7 20. Qxe7+ Kxe7 21. Bxh6 Nxh6 22. B@e3 B@g3 
23. B@g4 Nxg4 24. hxg4 Q@h2+ 25. Kf1 Qh1# 
{Leech forfeits on time} 0-1

[Event "fics rated crazyhouse match"]
[Site "fics, Oklahoma City, OK USA"]
[Date "2000.01.17"]
[White "pminear"]
[WhiteElo "2292"]
[Black "Leech"]
[BlackElo "2256"]
[TimeControl "180+0"]
[Result "1-0"]

1. e4 e6 2. Nc3 Nf6 3. e5 Nd5 4. Ne4 d6 5. Nf3 dxe5 6. Nxe5 
P@f6 7. Nc4 Nc6 8. d4 Bb4+ 9. c3 Be7 10. Be2 O-O 11. O-O f5 
12. Ng3 Bg5 13. Bxg5 Qxg5 14. B@d2 B@f4 15. P@e3 Bxg3 16. hxg3 N@e4 17. B@h4 
Qh6 18. f3 Nxd2 19. Qxd2 b5 20. N@h3 bxc4 21. Bg5 Qg6 22. Bxc4 f6 
23. Bxd5 exd5 24. Bf4 B@g5 25. Bxg5 fxg5 26. B@b3 B@c4 27. Bxc4 dxc4 28. B@d5+ 
B@f7 29. Bxc6 Qxc6 30. N@e7+ Kh8 31. Nxc6 g4 32. Ng5 gxf3 33. P@e7 Bce6 
34. exf8=Q+ Rxf8 35. Q@e7 B@d6 36. Nxf7+ Rxf7 37. R@e8+ B@f8 38. Qxe6 N@g5 39. Qxf7 
Nxf7 40. R@h1 P@h6 41. gxf3 P@f6 42. P@e7 Q@g8 43. exf8=Q Bxf8 44. N@e7 
{Leech forfeits on time} 1-0

[Event "fics rated crazyhouse match"]
[Site "fics, Oklahoma City, OK USA"]
[Date "2000.01.17"]
[White "Leech"]
[WhiteElo "2243"]
[Black "pminear"]
[BlackElo "2299"]
[TimeControl "180+0"]
[Result "0-1"]

1. e4 e5 2. Bc4 Nc6 3. Bxf7+ Kxf7 4. P@d5 Nd4 5. Nf3 Nxf3+ 6. Qxf3+ 
B@f4 7. d4 N@h4 8. Qh5+ g6 9. Qxh4 Qxh4 10. dxe5 Bxc1 11. O-O Bc5 
12. N@d3 B@e2 13. Nxc5 Bxf1 14. Nc3 Bxg2 15. Kxg2 Q@h3+ 16. Kg1 R@f1# 
{Leech checkmated} 0-1

[Event "fics rated crazyhouse match"]
[Site "fics, Oklahoma City, OK USA"]
[Date "2000.01.17"]
[White "pminear"]
[WhiteElo "2306"]
[Black "Leech"]
[BlackElo "2231"]
[TimeControl "180+0"]
[Result "0-1"]

1. e4 e6 2. Nc3 Nf6 3. e5 Nd5 4. Ne4 Nc6 5. Nf3 d6 6. d4 
Be7 7. Be2 O-O 8. O-O f5 9. exf6 Bxf6 10. Nxf6+ Rxf6 11. B@g5 N@e4 
12. Bxf6 Qxf6 13. P@g5 Qf7 14. Bd3 P@f5 15. Bxe4 fxe4 16. g6 Qxg6 17. Nh4 
Qf6 18. Qh5 B@f7 19. Qg4 e5 20. Qxe4 B@f5 21. P@g5 Qe7 22. Nxf5 Bxf5 
23. Qxf5 Nxd4 24. Qe4 P@f5 25. Qd3 P@e4 26. Qd1 N@f3+ 27. Kh1 Nxc2 28. B@h6 
Bh5 29. Bxg7 Qxg7 30. B@h6 P@h3 31. Bxg7 hxg2+ 32. Kxg2 P@h3+ 33. Kxh3 B@g4+ 
34. Kg2 Kxg7 35. P@f6+ Nxf6 36. gxf6+ Kxf6 37. P@g5+ Ke6 38. Q@f6+ Kd7 39. R@e7# 
{pminear forfeits on time} 0-1

[Event "fics rated crazyhouse match"]
[Site "fics, Oklahoma City, OK USA"]
[Date "2000.01.17"]
[White "LSS"]
[WhiteElo "2401"]
[Black "Ephemera"]
[BlackElo "2149"]
[TimeControl "180+0"]
[Result "1-0"]

1. e4 e5 2. Bc4 Bc5 3. Nf3 Nc6 4. O-O Nf6 5. d3 O-O 6. Nc3 
d6 7. Bg5 Be6 8. Nd5 Bxd5 9. exd5 Nd4 10. Nxd4 Bxd4 11. B@h4 N@f5 
12. c3 Bb6 13. N@e4 Nxh4 14. Nxf6+ gxf6 15. Bxh4 B@g6 16. N@g4 N@g5 17. N@h6+ 
Kh8 18. Bxg5 fxg5 19. N@f5 N@e8 20. a4 B@d7 21. Qf3 Bdxf5 22. Nxf5 Bxf5 
23. Qxf5 N@h4 24. B@f6+ Nxf6 25. Qxg5 Rg8 26. P@g7+ Rxg7 27. Qxg7+ Kxg7 28. R@g5+ 
B@g6 29. B@h6+ Kg8 30. Nxf6+ Qxf6 31. Rg3 P@f4 32. N@g4 Qf5 33. Bxf4 exf4 
34. Nh6+ Kf8 35. Nxf5 fxg3 36. P@g7+ Ke8 37. Q@e7# 
{Ephemera checkmated} 1-0

[Event "fics rated crazyhouse match"]
[Site "fics, Oklahoma City, OK USA"]
[Date "2000.01.17"]
[White "Leech"]
[WhiteElo "2248"]
[Black "pminear"]
[BlackElo "2296"]
[TimeControl "180+0"]
[Result "1-0"]

1. e4 e5 2. Bc4 Nc6 3. Bxf7+ Kxf7 4. Nf3 Bc5 5. P@d5 B@d4 6. O-O 
Bxf2+ 7. Rxf2 Bxf2+ 8. Kxf2 Nd4 9. Nxe5+ Kf8 10. Nc3 d6 11. Nf3 Nxf3 
12. Qxf3+ R@f7 13. P@f5 N@e5 14. Qf4 g5 15. Qe3 Ng4+ 16. Ke2 Nxe3 17. dxe3 
Nh6 18. B@e6 Bxe6 19. dxe6 B@c4+ 20. B@d3 Bxe6 21. fxe6 Q@f1+ 22. Kd2 Qxg2+ 
23. B@e2 Rg7 24. Nd5 P@f4 25. B@f6 fxe3+ 26. Kd1 Qg1+ 27. N@f1 P@e7 28. Bxg7+ 
Kxg7 29. Bxe3 B@f2 30. Bxf2 Qxf2 31. N@h5+ Kg8 32. P@g7 B@e5 33. gxh8=Q+ Kxh8 
34. R@f3 Qh4 35. B@c3 Bxc3 36. bxc3 B@g7 37. Nxg7 P@g2 
{pminear forfeits on time} 1-0

[Event "fics rated crazyhouse match"]
[Site "fics, Oklahoma City, OK USA"]
[Date "2000.01.17"]
[White "pminear"]
[WhiteElo "2287"]
[Black "Leech"]
[BlackElo "2263"]
[TimeControl "180+0"]
[Result "0-1"]

1. e4 e6 2. Nc3 Nf6 3. e5 Nd5 4. Ne4 Nc6 5. Nf3 d6 6. d4 
Be7 7. Be2 O-O 8. O-O f5 9. exf6 Nxf6 10. Nxf6+ Bxf6 11. N@h5 P@g6 
12. Nxf6+ Qxf6 13. B@g5 Qf7 14. P@b5 Ne7 15. Bxe7 Qxe7 16. Bg5 Qf7 17. N@e5 
dxe5 18. Nxe5 Qf5 19. Be7 B@d6 20. Bxf8 Bxe5 21. dxe5 Qxf8 22. B@g5 N@f5 
23. Bg4 N@e4 24. Bxf5 Nxg5 25. Bg4 B@f5 26. Bxf5 exf5 27. P@d6 N@h3+ 28. Kh1 
B@f3 29. B@d5+ Bxd5 30. Qxd5+ Be6 31. Qxe6+ Nxe6 32. N@e7+ Qxe7 33. B@e3 B@f3 
34. gxf3 B@g2+ 35. Kxg2 Nef4+ 36. Bxf4 Nxf4+ 37. Kg3 N@e2# 
{pminear checkmated} 0-1

[Event "fics rated crazyhouse match"]
[Site "fics, Oklahoma City, OK USA"]
[Date "2000.01.17"]
[White "Leech"]
[WhiteElo "2277"]
[Black "pminear"]
[BlackElo "2278"]
[TimeControl "180+0"]
[Result "1-0"]

1. e4 e5 2. Bc4 Nc6 3. Bxf7+ Kxf7 4. Nf3 B@d4 5. P@e3 Bb6 6. d4 
Bd6 7. dxe5 Nxe5 8. Nc3 Nxf3+ 9. Qxf3+ Nf6 10. P@d4 P@g4 11. Qe2 N@h4 
12. Rg1 Nxg2+ 13. Rxg2 P@f3 14. Qc4+ Kf8 15. N@g5 Qe8 16. Rxg4 Nxg4 17. P@f7 
R@g1+ 18. Kd2 Qd8 19. Nxh7+ Ke7 20. N@f5# 
{pminear checkmated} 1-0

[Event "fics rated crazyhouse match"]
[Site "fics, Oklahoma City, OK USA"]
[Date "2000.01.17"]
[White "jtp"]
[WhiteElo "2302"]
[Black "fisherman"]
[BlackElo "2234"]
[TimeControl "60+0"]
[Result "1-0"]

1. e4 e6 2. Nc3 d5 3. Nf3 dxe4 4. Nxe4 Nc6 5. d4 Nf6 6. Neg5 
Nb4 7. c3 Nc6 8. Bb5 Bd7 9. Bxc6 Bxc6 10. Ne5 Bxg2 11. Rg1 P@f3 
12. Nexf7 P@e2 13. Qd3 B@g6 14. Qb5+ c6 15. Qxb7 Be7 16. N@c7+ Qxc7 17. Qxc7 
Bxf7 18. Q@d3 O-O 19. Qxe7 Bg6 20. Qxe6+ N@f7 21. P@f5 Rae8 22. fxg6 Rxe6 
23. gxh7# 
{fisherman forfeits on time} 1-0

[Event "fics rated crazyhouse match"]
[Site "fics, Oklahoma City, OK USA"]
[Date "2000.01.17"]
[White "fisherman"]
[WhiteElo "2228"]
[Black "jtp"]
[BlackElo "2308"]
[TimeControl "60+0"]
[Result "0-1"]

1. e4 Nf6 2. Nc3 d5 3. exd5 Nxd5 4. Nxd5 Qxd5 5. d4 Nc6 6. Nf3 
e5 7. Be3 exd4 8. Nxd4 Bb4+ 9. c3 P@a3 10. Nb5 Qxd1+ 11. Rxd1 N@c2+ 
12. Ke2 Q@c4+ 13. Q@d3 Nxe3 14. Qxc4 Nxc4 15. Nxc7+ Ke7 16. N@d5+ Kd7 17. Nxb4+ 
P@d4 18. Nxc6 Q@e4+ 19. B@e3 B@h5+ 20. P@f3 Qxc6 21. Rxd4+ N@d6 22. P@d5 Qxc7 
23. P@e5 Nxe3 24. exd6 B@a6+ 25. P@d3 Qxd6 26. N@c5+ Qxc5 27. N@e5+ Kc7 28. fxe3 
{fisherman forfeits on time} 0-1

[Event "fics rated crazyhouse match"]
[Site "fics, Oklahoma City, OK USA"]
[Date "2000.01.17"]
[White "pminear"]
[WhiteElo "2270"]
[Black "Leech"]
[BlackElo "2289"]
[TimeControl "180+0"]
[Result "1-0"]

1. e4 e6 2. Nc3 Nf6 3. e5 Nd5 4. Ne4 Nc6 5. d4 d6 6. Nf3 
Be7 7. Be2 O-O 8. O-O f5 9. exf6 Nxf6 10. Nxf6+ Bxf6 11. N@h5 e5 
12. Nxf6+ Qxf6 13. dxe5 Nxe5 14. Nxe5 Qxe5 15. B@d4 Qe7 16. P@h6 P@e5 17. hxg7 
Qxg7 18. P@g5 P@f4 19. N@h6+ Kh8 20. Bxe5 dxe5 21. P@f6 Rxf6 22. Qd8+ N@g8 
23. Nxg8 Rf8 24. P@h6 Qxg8 25. Bxf4 N@h3+ 26. Kh1 
{Leech forfeits on time} 1-0

[Event "fics rated crazyhouse match"]
[Site "fics, Oklahoma City, OK USA"]
[Date "2000.01.17"]
[White "jtp"]
[WhiteElo "2314"]
[Black "Gnejs"]
[BlackElo "2453"]
[TimeControl "60+0"]
[Result "1-0"]

1. e4 e6 2. Nf3 Nc6 3. Nc3 Nf6 4. e5 Ng4 5. d4 d6 6. exd6 
cxd6 7. Bd3 Nf6 8. Bg5 P@g4 9. Bxf6 Qxf6 10. N@c7+ Kd8 11. Nxa8 gxf3 
12. gxf3 N@g2+ 13. Kd2 Qxd4 14. Qe2 B@h6+ 15. P@e3 Qb4 16. P@c7+ Kd7 17. Bb5 
P@d4 18. R@d8+ Ke7 19. Bxc6 dxe3+ 20. fxe3 Bxe3+ 21. Qxe3 Nxe3 22. B@g5+ f6 
23. Re8+ Kf7 24. N@d8+ Kg6 25. Bxe3 h5 26. N@f4+ Qxf4 27. Bxf4 N@c4+ 28. Ke2 
P@d3+ 29. cxd3 Q@g2+ 30. Q@f2 Qxf2+ 31. Kxf2 P@e3+ 32. Kg2 Q@g5+ 33. Kh3 Qf5+ 
34. Q@g4+ hxg4+ 35. Kg2 gxf3+ 36. Kf1 Q@g2+ 37. Ke1 P@d2+ 38. Kd1 Qxh1+ 39. Kc2 
{Gnejs forfeits on time} 1-0

[Event "fics rated crazyhouse match"]
[Site "fics, Oklahoma City, OK USA"]
[Date "2000.01.17"]
[White "Gnejs"]
[WhiteElo "2436"]
[Black "jtp"]
[BlackElo "2325"]
[TimeControl "60+0"]
[Result "1-0"]

1. Nf3 Nf6 2. Nc3 e6 3. d3 Bb4 4. e3 d6 5. Bd2 Nc6 6. a3 
Bxc3 7. Bxc3 Rg8 8. B@h4 N@f5 9. Bg5 h6 10. Bf4 e5 11. Bg3 Nd5 
12. Bd2 Nxg3 13. hxg3 B@g4 14. c4 Nf6 15. Rc1 e4 16. dxe4 Nxe4 17. Bd3 
Nxf2 18. Kxf2 Ne5 19. Bc3 Bxf3 20. gxf3 N@g4+ 21. fxg4 Nxg4+ 22. Ke2 P@g2 
23. Rg1 P@h3 24. B@f3 P@f2 25. P@g6 fxg1=Q 26. Qxg1 Qe7 27. gxf7+ Qxf7 28. P@g6 
Qe6 29. P@f7+ Kd8 30. fxg8=Q+ Qxg8 31. N@f7+ Ke8 32. R@d8+ Ke7 33. N@d5+ Ke6 
34. N@d4# 
{jtp checkmated} 1-0

[Event "fics rated crazyhouse match"]
[Site "fics, Oklahoma City, OK USA"]
[Date "2000.01.17"]
[White "jtp"]
[WhiteElo "2319"]
[Black "Gnejs"]
[BlackElo "2444"]
[TimeControl "60+0"]
[Result "0-1"]

1. e4 e6 2. Nc3 Nc6 3. Nf3 Nf6 4. Bb5 d6 5. e5 Ng4 6. exd6 
Bxd6 7. d4 Bd7 8. Qe2 a6 9. Bxc6 bxc6 10. N@h5 Rg8 11. h3 Nf6 
12. Nxf6+ gxf6 13. P@e5 Be7 14. exf6 Bxf6 15. Ne4 Be7 16. P@g5 B@h8 17. N@e5 
P@f5 18. Nxd7 Qxd7 19. Ne5 Bxe5 20. dxe5 N@d4 21. Qd3 N@b4 22. Nf6+ Bxf6 
{jtp resigns} 0-1

[Event "fics rated crazyhouse match"]
[Site "fics, Oklahoma City, OK USA"]
[Date "2000.01.17"]
[White "Leech"]
[WhiteElo "2276"]
[Black "pminear"]
[BlackElo "2278"]
[TimeControl "180+0"]
[Result "0-1"]

1. e4 e5 2. Bc4 Nc6 3. Bxf7+ Kxf7 4. Nf3 B@f6 5. Nc3 Bc5 6. O-O 
d6 7. Nd5 Bg4 8. h3 Bxf3 9. Qxf3 Nd4 10. Qd1 Nh6 11. c3 Ne6 
12. d3 c6 13. Bxh6 gxh6 14. P@f5 Ng5 15. Qh5+ B@g6 16. Qxh6 cxd5 17. P@e6+ 
Ke7 18. fxg6 hxg6 19. Qxg6 N@f4 20. Qf5 Ngxh3+ 21. gxh3 N@f3+ 22. Kh1 P@g2# 
{Leech checkmated} 0-1

[Event "fics rated crazyhouse match"]
[Site "fics, Oklahoma City, OK USA"]
[Date "2000.01.17"]
[White "Gnejs"]
[WhiteElo "2451"]
[Black "jtp"]
[BlackElo "2314"]
[TimeControl "60+0"]
[Result "1-0"]

1. Nf3 e6 2. Nc3 b6 3. e4 Bb7 4. d4 Bb4 5. Bd3 Nf6 6. Qe2 
d5 7. e5 Ne4 8. Bd2 Nxd2 9. Nxd2 Bxc3 10. bxc3 N@f4 11. Qf3 Nxd3+ 
12. Qxd3 B@g6 13. Qg3 Bxc2 14. Qxg7 Kd7 15. Qxf7+ P@e7 16. B@h3 B@f5 17. P@g4 
Bg6 18. Qg7 Qf8 19. N@f6+ Kc8 20. Qxf8+ Rxf8 21. P@g7 Rd8 22. g8=Q Bcd3 
23. Qxd8+ Kxd8 24. R@g8+ Q@e8 25. Nxe8 Bxe8 26. N@f7+ Kd7 27. Q@d8+ Kc6 28. Qxe8+ 
Nd7 29. Qxd7+ Kxd7 30. Q@d8+ Rxd8 31. Rxd8+ Kc6 32. N@b4+ Kb5 33. a4+ Ka5 
34. Nb3# 
{jtp checkmated} 1-0

[Event "fics rated crazyhouse match"]
[Site "fics, Oklahoma City, OK USA"]
[Date "2000.01.17"]
[White "jtp"]
[WhiteElo "2309"]
[Black "Gnejs"]
[BlackElo "2458"]
[TimeControl "60+0"]
[Result "1-0"]

1. e4 e6 2. d4 Nc6 3. Nc3 d5 4. exd5 exd5 5. Bb5 Nf6 6. Qe2+ 
Be7 7. P@e5 Ng8 8. Nf3 Be6 9. Be3 a6 10. Bxc6+ bxc6 11. N@f4 Rb8 
12. Rb1 B@a5 13. O-O Qd7 14. Nxe6 fxe6 15. B@h3 Beb4 16. Na4 Ne7 17. c3 
Ng6 18. cxb4 Bxb4 19. B@c5 P@d6 20. exd6 cxd6 21. Bxb4 Rxb4 22. Nc3 B@e4 
23. B@h5 O-O 24. Ng5 Bxb1 25. Bxe6+ Qxe6 26. Nxe6 B@d3 27. Nxf8 Kxf8 28. Bxg6 
Bxg6 29. N@e6+ Ke7 30. Q@f8+ Kxe6 31. R@e7# 
{Gnejs checkmated} 1-0

[Event "fics rated crazyhouse match"]
[Site "fics, Oklahoma City, OK USA"]
[Date "2000.01.17"]
[White "pminear"]
[WhiteElo "2286"]
[Black "Leech"]
[BlackElo "2265"]
[TimeControl "180+0"]
[Result "1-0"]

1. e4 d6 2. d4 Nf6 3. Nc3 Nc6 4. Nf3 Bg4 5. Be2 e5 6. dxe5 
dxe5 7. P@d5 Bxf3 8. Bxf3 Nd4 9. B@h3 Nxf3+ 10. gxf3 B@d4 11. Rg1 N@f4 
12. Bxf4 Bxc3+ 13. bxc3 exf4 14. B@e6 fxe6 15. Bxe6 Bc5 16. Rxg7 Bxf2+ 17. Kxf2 
Nxe4+ 18. fxe4 Qh4+ 19. Ke2 P@f3+ 20. Kxf3 N@e5+ 21. Kg2 P@h3+ 22. Bxh3 B@f3+ 
23. Qxf3 Nxf3 24. B@d7+ Kd8 25. N@e6# 
{Leech checkmated} 1-0

[Event "fics rated crazyhouse match"]
[Site "fics, Oklahoma City, OK USA"]
[Date "2000.01.17"]
[White "Gnejs"]
[WhiteElo "2443"]
[Black "jtp"]
[BlackElo "2320"]
[TimeControl "60+0"]
[Result "1-0"]

1. Nf3 Nc6 2. e4 e6 3. Nc3 Nf6 4. d4 Bb4 5. Bd3 d5 6. e5 
Ne4 7. Bd2 Nxd2 8. Qxd2 B@g6 9. O-O Qe7 10. a3 Bxc3 11. bxc3 N@e4 
12. Bxe4 dxe4 13. Ne1 B@h6 14. B@e3 Bxe3 15. fxe3 f6 16. exf6 gxf6 17. P@b5 
Na5 18. B@b4 B@d6 19. Bxa5 Bxh2+ 20. Kxh2 h5 21. B@h4 P@g5 22. Bg3 h4 
23. Bgxc7 P@g3+ 24. Kg1 b6 25. Bb4 Qxc7 26. Rxf6 B@f2+ 27. Kf1 Bxe1 28. Rxe1 
Bd7 29. N@g7+ Kd8 30. B@e7+ Kc8 31. Bed6 Bxb5+ 32. P@d3 Qd7 33. N@e7+ Kb7 
34. d5 Rhf8 35. P@c6+ Bxc6 36. dxc6+ Qxc6 37. Nxc6 Rxf6+ 38. B@f4 R@h1+ 39. Ke2 
Rxe1+ 40. Qxe1 P@f3+ 41. Kd2 
{jtp forfeits on time} 1-0

[Event "fics rated crazyhouse match"]
[Site "fics, Oklahoma City, OK USA"]
[Date "2000.01.17"]
[White "Leech"]
[WhiteElo "2255"]
[Black "pminear"]
[BlackElo "2294"]
[TimeControl "180+0"]
[Result "1-0"]

1. e4 Nf6 2. e5 Nd5 3. Bc4 Nb6 4. Bxf7+ Kxf7 5. Nf3 e6 6. d4 
Be7 7. P@h6 gxh6 8. Bxh6 Rg8 9. P@f6 Bf8 10. Ng5+ Rxg5 11. Bxg5 N@e4 
12. Nc3 Nxg5 13. Qh5+ B@g6 14. Qxg5 B@h6 15. N@h8+ Kg8 16. f7+ Kg7 17. R@g8# 
{pminear checkmated} 1-0

[Event "fics rated crazyhouse match"]
[Site "fics, Oklahoma City, OK USA"]
[Date "2000.01.17"]
[White "jtp"]
[WhiteElo "2315"]
[Black "Gnejs"]
[BlackElo "2450"]
[TimeControl "60+0"]
[Result "0-1"]

1. e4 e6 2. Nc3 Nc6 3. Nf3 Nf6 4. Bb5 a6 5. Bxc6 dxc6 6. e5 
Ng4 7. d4 B@h5 8. N@f4 Nxf2 9. Kxf2 Bxf3 10. Qxf3 Qxd4+ 11. Be3 Qxe5 
12. Rhe1 N@g5 13. Qe2 P@h4 14. Bd4 P@g3+ 15. Kg1 Qxe2 16. Rxe2 gxh2+ 17. Kh1 
h3 18. Rd1 hxg2+ 19. Rxg2 Bd7 20. P@f6 P@f3 21. Rxh2 P@g2+ 22. Kg1 P@e2 
23. Ncxe2 fxe2 24. Nxe2 Nf3+ 25. Kxg2 Nxh2 26. Q@g3 N@g4 27. P@e7 Q@d5+ 28. B@f3 
R@f2+ 29. Qxf2 Nxf2 
{jtp forfeits on time} 0-1

[Event "fics rated crazyhouse match"]
[Site "fics, Oklahoma City, OK USA"]
[Date "2000.01.17"]
[White "Gnejs"]
[WhiteElo "2456"]
[Black "jtp"]
[BlackElo "2310"]
[TimeControl "60+0"]
[Result "1-0"]

1. Nf3 Nf6 2. Nc3 e6 3. e4 Nc6 4. d4 Bb4 5. Bd3 d5 6. e5 
Ne4 7. Bd2 Nxd2 8. Qxd2 B@g6 9. O-O Qe7 10. a3 Bxc3 11. bxc3 N@e4 
12. Bxe4 dxe4 13. Ne1 B@h6 14. B@e3 Bxe3 15. fxe3 B@h6 16. N@g4 Bg5 17. N@h3 
h5 18. B@f6 gxf6 19. exf6 hxg4 20. fxe7 gxh3 21. P@g7 Rg8 22. Q@f8# 
{jtp resigns} 1-0

[Event "fics rated crazyhouse match"]
[Site "fics, Oklahoma City, OK USA"]
[Date "2000.01.17"]
[White "jtp"]
[WhiteElo "2305"]
[Black "Gnejs"]
[BlackElo "2462"]
[TimeControl "60+0"]
[Result "1-0"]

1. e4 e6 2. Nc3 Nc6 3. Nf3 Bb4 4. Bb5 Nf6 5. e5 Ng4 6. Bxc6 
dxc6 7. N@h5 B@f8 8. h3 Nxf2 9. Kxf2 Bxc3 10. bxc3 N@e4+ 11. Kf1 P@g6 
12. B@d3 gxh5 13. Bxe4 N@g3+ 14. Kg1 Nxe4 15. N@f2 B@e3 16. dxe3 Qxd1+ 17. Nxd1 
Ng3 18. Q@f2 Nxh1 19. Kxh1 R@d5 20. Bd2 Q@d8 21. e4 Rxd2 22. Nxd2 B@b6 
23. B@d4 Bxd4 24. cxd4 B@g6 25. B@h4 Be7 26. Bxe7 Qxe7 27. B@h4 Qb4 28. R@d8# 
{Gnejs checkmated} 1-0